 Dungeon Crawl Stone Soup version 0.20-a0-927-g1ae2c61 (webtiles) character file.

2727 4thArraOfDagon the Bolt Thrower (level 9, -5/61 HPs)
             Began as a Mummy Hunter on Mar 29, 2017.
             Was an Initiate of Gozag.
             Slain by a two-headed ogre
             ... wielding a +0 giant spiked club
              (19 damage)
             ... on level 9 of the Dungeon.
             The game lasted 00:19:22 (5797 turns).

4thArraOfDagon the Bolt Thrower (Mummy Hunter)      Turns: 5797, Time: 00:19:23

Health: -5/61      AC: 12    Str: 15    XL:     9   Next: 40%
Magic:  9/9        EV:  8    Int: 13    God:    Gozag
Gold:   1273       SH:  3    Dex: 17    Spells: 8/8 levels left

rFire    . . .     SeeInvis .   F - +7 mace "Vionaufu" {crush, +Blink rElec rN+}
rCold    + + .     Gourm    .   (no shield)
rNeg     + + +     Faith    .   g - +1 chain mail
rPois    ∞         Spirit   .   p - +1 helmet
rElec    +         Reflect  +   s - scarf {rC+ rF+}
rCorr    .         Harm     .   (no gloves)
MR       +....                  (no boots)
Stlth    ..........             y - +3 amulet of reflection
Regen    0.2/turn               j - +4 ring of dexterity
MPRegen  0.2/turn               w - ring of stealth

@: gold aura
A: no food or potions, fire vulnerability, cold resistance 1, negative energy
resistance 3, torment resistance, unbreathing
a: Potion Petition, Call Merchant, Bribe Branch, Renounce Religion, Evoke Blink


You were on level 9 of the Dungeon.
You worshipped Gozag.
Gozag was most pleased with you.
You were not hungry.

You visited 2 branches of the dungeon, and saw 10 of its levels.

You collected 1353 gold pieces.
You paid 80 gold pieces to Gozag.

Inventory:

Hand Weapons
 a - a +3 hand crossbow
 b - a +0 short sword
 f - a +0 quarterstaff
 l - a +0 flail
 o - a +1 spear of freezing
 q - a +0 spear of venom
 F - the +7 mace "Vionaufu" (weapon) {crush, +Blink rElec rN+}
   (You found it on level 6 of the Dungeon)

   It inflicts extra damage upon your enemies.
   It insulates you from electricity.
   It protects you from negative energy.
   It lets you blink.
 J - a +0 blowgun
 L - a +2 flail of crushing
Missiles
 d - 70 bolts
Armour
 c - a +0 leather armour
 g - a +1 chain mail (worn)
 p - a +1 helmet (worn)
 s - a scarf of resistance (worn)
 I - the +2 robe of Woew {rElec rPois MR- Regen+, unknown}
   (You found it on level 7 of the Dungeon)

   It insulates you from electricity.
   It protects you from poison.
   It affects your resistance to hostile enchantments.
   It increases your rate of regeneration.
Jewellery
 e - an uncursed amulet of guardian spirit
 j - a +4 ring of dexterity (left hand)
 k - an uncursed ring of ice
 w - a ring of stealth (right hand)
 y - a +3 amulet of reflection (around neck)
 A - an uncursed ring of flight
Wands
 C - a wand of flame (15/48)
 E - a wand of disintegration (14/24)
 H - a wand of acid (6/15)
 K - a wand of confusion (13/48)
 M - a wand of iceblast (2/15)
Scrolls
 i - 2 scrolls of blinking {unknown}
 m - 8 scrolls of remove curse
 n - 5 scrolls of identify
 r - a scroll of fog {unknown}
 t - a scroll of immolation {unknown}
 u - a scroll of fear
 v - 3 scrolls of recharging {unknown}
 x - 2 scrolls of enchant weapon
 z - 2 scrolls of teleportation {unknown}
 B - a scroll of noise {unknown}
 D - a scroll of amnesia {unknown}
 G - a scroll of enchant armour
Books
 h - a book of Cantrips

   Spells                             Type                      Level
   a - Confusing Touch                Hexes                        1
   b - Animate Skeleton               Necromancy                   1
   c - Summon Small Mammal            Summoning                    1
   d - Apportation                    Translocation                1


   Skills:
 - Level 2.0 Fighting
 * Level 6.1(6.4) Maces & Flails
 - Level 2.7(4.8) Staves
 - Level 7.0 Crossbows
 + Level 3.5 Armour
 + Level 4.2 Dodging
 - Level 0.7 Stealth


You had 8 spell levels left.
You didn't know any spells.

Dungeon Overview and Level Annotations

Branches:
Dungeon (9/15)             Temple (1/1) D:5
   Lair: D:8-11         Orc: D:9-12

Altars:
Ashenzari
Cheibriados
Dithmenos
Elyvilon
Fedhas
Gozag
Hepliaklqana
Kikubaaqudgha
Makhleb
Nemelex Xobeh
Okawaru
Ru
Sif Muna
Trog
Uskayaw
Vehumet
Wu Jian
Xom
Yredelemnul
Zin
The Shining One

Shops:
D:4 !   D:5 *

Annotations:
D:3 Gorglomux's ghost, amateur BaEE
D:5 grippy's ghost, novice MiGl


Innate Abilities, Weirdness & Mutations

You do not eat or drink.
Your flesh is vulnerable to fire.
You are immune to poison.
Your flesh is cold resistant. (rC+)
You are immune to negative energy. (rN+++)
You are immune to unholy pain and torment.
You can survive without breathing.


Message History

The iceblast engulfs the two-headed ogre.
The two-headed ogre is severely wounded.
The iceblast engulfs the centaur zombie.
The centaur zombie partially resists.
You destroy the centaur zombie!
This wand has 3 charges left.
You hear a bark!
You hear an angry hiss.
Unknown command.
Unknown command.
A worker ant comes into view.
Evoke which item? (* to show all) (? for menu, Esc to quit)
Aiming: Iceblast
Press: ? - help, Shift-Dir - straight line, p - two-headed ogre The mass of ice explodes!
The iceblast engulfs the two-headed ogre.
The two-headed ogre is almost dead.
This wand has 2 charges left.
The two-headed ogre barely misses you.
The two-headed ogre hits you with a giant club!!
You die...
Your body crumbles into a pile of gold.

.######.###..##.####
###.# #..##....#
#..Z#....#....##
#...#....+....#
##..##...###.######
#$.###+####.#....#
...Z.....# #$....# $
.........# #.O...+
.O..$....# #.@...#
##..##...# #.....#
#'# #...# #.....# #.
#..## ##...## # ####
#...# $ .[... ...a.+
##+# ....## ##..#


You could see a two-headed ogre and a worker ant.

Vanquished Creatures
  A wyvern (D:8)
  Duvessa (D:7)
  An orc warrior (D:9)
  A sky beast (D:5)
  3 ogres
  3 phantoms
  2 centaurs (D:8)
  2 bullfrogs
  Dowan (D:7)
  3 scorpions
  3 wights (D:6)
  A crimson imp (D:7)
  A bullfrog zombie (D:7)
  2 jellies
  A centaur zombie (D:9)
  4 hounds
  2 orc priests (D:8)
  A centaur skeleton (D:4)
  6 orc wizards
  2 iguanas
  10 worker ants
  2 hound skeletons
  A howler monkey zombie (D:6)
  Robin (D:2)
  3 gnolls (D:8)
  11 adders
  A river rat (D:4)
  A shadow imp (D:8)
  4 oozes
  An adder zombie (D:5)
  5 worms (D:2)
  5 dart slugs
  4 leopard geckos
  16 orcs
  2 ball pythons
  7 giant cockroaches
  9 goblins (D:2)
  9 hobgoblins
  4 jackals (D:4)
  8 quokkas
  4 bats
  4 frilled lizards
  8 kobolds
  A leopard gecko zombie (D:5)
  8 rats
170 creatures vanquished.

Vanquished Creatures (others)
  A jelly (D:9)
  A kobold (D:3)
2 creatures vanquished.

Grand Total: 172 creatures vanquished

Notes
Turn   | Place    | Note
-------+----------+-------------------------------------------
     0 | D:1      | 4thArraOfDagon the Mummy Hunter began the quest for the Orb.
     0 | D:1      | Reached XP level 1. HP: 16/16 MP: 1/1
    29 | D:2      | Reached XP level 2. HP: 22/22 MP: 2/2
   304 | D:4      | Reached skill level 4 in Crossbows
   324 | D:4      | Reached XP level 3. HP: 24/27 MP: 3/3
   344 | D:4      | HP: 1/27 [orc/flail (3)]
   428 | D:5      | Entered Level 5 of the Dungeon
   428 | D:5      | Found a radiant altar of Vehumet.
   428 | D:5      | Noticed an ogre
   473 | D:4      | Found Durob's Distillery.
   486 | D:4      | Reached XP level 4. HP: 17/33 MP: 4/4
   578 | D:5      | Reached skill level 5 in Crossbows
   585 | D:5      | Reached XP level 5. HP: 22/38 MP: 5/5
   595 | D:5      | Found Nainigeb's General Store.
   758 | D:5      | Found a staircase to the Ecumenical Temple.
   773 | Temple   | Entered the Ecumenical Temple
  1071 | Temple   | Became a worshipper of Gozag Ym Sagoz the Greedy
  1151 | D:5      | Noticed a sky beast
  1161 | D:5      | Killed a sky beast
  1161 | D:5      | Reached skill level 6 in Crossbows
  1161 | D:5      | Reached XP level 6. HP: 44/44 MP: 6/6
  1505 | D:2      | Noticed Robin
  1518 | D:2      | Killed Robin
  1901 | D:1      | Reached skill level 7 in Crossbows
  2673 | D:2      | Reached XP level 7. HP: 50/50 MP: 7/7
  2739 | D:2      | Reached skill level 1 in Staves
  3190 | D:3      | Noticed Gorglomux's ghost (amateur BaEE)
  3747 | D:6      | Got a pitted mace
  3748 | D:6      | Identified the +7 mace "Vionaufu" {crush, +Blink rElec rN+} (You found it on level 6 of the Dungeon)
  3804 | D:6      | Reached skill level 1 in Maces & Flails
  4034 | D:6      | Reached XP level 8. HP: 28/56 MP: 8/8
  4068 | D:6      | Reached skill level 1 in Armour
  4412 | D:5      | Noticed grippy's ghost (novice MiGl)
  4466 | D:7      | Got a colourful robe
  4541 | D:7      | Noticed Dowan
  4542 | D:7      | Noticed Duvessa
  4560 | D:7      | Killed Duvessa
  4817 | D:7      | Killed Dowan
  4829 | D:7      | Reached skill level 5 in Maces & Flails
  4892 | D:7      | Found an opulent altar of Gozag.
  4973 | D:8      | Reached XP level 9. HP: 54/61 MP: 9/9
  5617 | D:9      | Noticed a two-headed ogre
  5797 | D:9      | Slain by a two-headed ogre

Vault maps used:
D:1:      scummos_arrival_hexagon
D:2:      kennysheep_six_static_rooms, uniq_robin
D:4:      portal_sewer_entry_b, serial_shops, shop_statue
D:5:      vehumet_altar_wand_db, minmay_temple_entry_junction, first_bread,
          minivault_19, kennysheep_windowed_goal, uniq_pikel
D:7:      serial_curves, eino_curves_04, eino_curves_02, eino_curves_04,
          basic_altar, uniq_duvessa
D:8:      serial_bayou_pond_e
D:9:      lair_entry_dummy, lemuel_flame_loot_1
Temple:   minmay_crystal_snake_temple

Skill      XL: |  1  2  3  4  5  6  7  8  9 |
---------------+----------------------------+-----
Crossbows      | 4 5 6 7 |  7.0
Staves         | 2 |  2.7
Maces & Flails | 3 5 6 |  6.1
Armour         | 2 3 |  3.5
Dodging        | 3 4 |  4.2
Fighting       | |  2.0
Stealth        | |  0.7

Action                   |  1- 3 |  4- 6 |  7- 9 || total
-------------------------+-------+-------+-------++-------
Melee: Spear             |       |   100 |   112 ||   212
       Quarterstaff      |       |    22 |       ||    22
       Mace              |       |       |   211 ||   211
 Fire: Hand crossbow     |    44 |    75 |       ||   119
Evoke: Wand              |       |       |     2 ||     2
  Use: Scroll            |     6 |       |     3 ||     9
 Stab: Distracted        |       |       |     3 ||     3
Armor: Chain mail        |    16 |    90 |   150 ||   256
Dodge: Dodged            |    12 |    46 |    98 ||   156
Block: Other             |       |     2 |    37 ||    39
       Reflection        |       |       |     2 ||     2
